 Dungeon Crawl Stone Soup version 0.20.1-1-g8b1a95d (webtiles) character file.

634 Nidhoragg the Covered (level 7, -2/61 HPs)
             Began as a Minotaur Berserker on Sept 14, 2017.
             Was a Follower of Trog.
             Slain by Nidhoragg's ghost (6 damage)
             ... on level 4 of the Dungeon.
             The game lasted 00:13:30 (2311 turns).

Nidhoragg the Covered (Minotaur Berserker)          Turns: 2311, Time: 00:13:34

Health: -2/61      AC:  6    Str: 28    XL:     7   Next: 25%
Magic:  6/6        EV: 11    Int:  4    God:    Trog [*.....]
Gold:   150        SH:  3    Dex: 10    Spells: 6/6 levels left

rFire    . . .     SeeInvis .   q - +0 war axe
rCold    . . .     Gourm    .   p - +0 buckler
rNeg     . . .     Faith    .   j - +0 ring mail
rPois    .         Spirit   .   (helmet restricted)
rElec    .         Reflect  .   (no cloak)
rCorr    .         Harm     .   (no gloves)
MR       ++...                  (no boots)
Stlth    ..........             (no amulet)
Regen    1.2/turn               (no ring)
MPRegen  0.1/turn               (no ring)

@: mighty, regenerating
A: retaliatory headbutt, horns 2
a: Berserk, Burn Spellbooks, Renounce Religion


You were on level 4 of the Dungeon.
You worshipped Trog.
Trog was aware of your devotion.
You were very hungry.

You visited 1 branch of the dungeon, and saw 4 of its levels.

You collected 150 gold pieces.

Inventory:

Hand Weapons
 a - a +2 hand axe
 o - a +0 flail
 q - a +0 war axe (weapon)
Armour
 b - a +0 animal skin
 d - a +0 ring mail
 j - a +0 ring mail (worn)
 p - a +0 buckler (worn)
Jewellery
 r - an uncursed amulet of harm {unknown}
Scrolls
 g - 5 scrolls of identify
Potions
 e - a potion of flight
 f - a potion of magic {unknown}
 i - 5 potions of curing
 k - a potion of mutation {unknown}
 l - 2 potions of might
 m - a potion of cancellation {unknown}
Comestibles
 c - 3 bread rations
 h - 3 fruits
 n - 11 chunks of flesh


   Skills:
 + Level 5.0 Fighting
 + Level 6.4 Axes
 * Level 7.3 Armour
 - Level 2.2 Dodging


You had 6 spell levels left.
You didn't know any spells.

Dungeon Overview and Level Annotations

Branches:
Dungeon (4/15)
 Temple: D:4-7

Altars:
Dithmenos
Fedhas
Kikubaaqudgha
Qazlal

Annotations:
D:3 exclusion: oklob plant
D:4 Nidhoragg's ghost, amateur GrMo


Innate Abilities, Weirdness & Mutations

You reflexively headbutt those who attack you in melee.
You have a pair of horns on your head.


Message History

Nidhoragg's ghost crushes a nearby insect and laughs.
Nidhoragg's ghost hits you!
You miss Nidhoragg's ghost.
Nidhoragg's ghost is almost destroyed.
Nidhoragg's ghost hits you!
* * * LOW HITPOINT WARNING * * *
You hit Nidhoragg's ghost but do no damage.
Nidhoragg's ghost is almost destroyed.
Nidhoragg's ghost hits you!
* * * LOW HITPOINT WARNING * * *
You block Nidhoragg's ghost's attack.
You feel very mighty all of a sudden. Nidhoragg's ghost hits you.
* * * LOW HITPOINT WARNING * * *
Your skin crawls.
You feel resistant to hostile enchantments.
You are feeling very hungry.
You can no longer call upon Trog for regeneration and protection from hostile enchantments.
Nidhoragg's ghost hits you.
You die...

#.o.##..######.# #
#...#.o....#...# #
#)..o......#...# .
#..###.<..##..## .#
#..
#(...##..######.##+
....
#......#............
.....
#......#............
h....
#......#............
.....
#......#..@.........
##...###.W########..
#...# #..# ....#
#....+ ##...# #'###
..


You could see Nidhoragg's ghost.

Vanquished Creatures
  Grinder (D:3)
  The ghost of Teleutos the Covered, an amateur HuFi (D:3)
  2 orc priests
  5 orc wizards
  Jessica (D:3)
  An iguana (D:3)
  6 adders
  An adder skeleton (D:4)
  A worm (D:3)
  A dart slug (D:3)
  A leopard gecko (D:2)
  11 orcs
  3 ball pythons
  2 giant cockroaches (D:1)
  6 goblins (D:1)
  2 hobgoblins
  7 bats
  2 frilled lizards
  4 kobolds
  8 rats
66 creatures vanquished.

Vanquished Creatures (others)
  4 fungi (D:3)
4 creatures vanquished.

Grand Total: 70 creatures vanquished

Notes
Turn   | Place    | Note
-------+----------+-------------------------------------------
     0 | D:1      | Nidhoragg the Minotaur Berserker began the quest for the Orb.
     0 | D:1      | Reached XP level 1. HP: 19/19 MP: 0/0
   142 | D:1      | Reached XP level 2. HP: 26/27 MP: 1/1
   519 | D:2      | Reached ** piety under Trog
   547 | D:2      | Reached skill level 3 in Armour
   547 | D:2      | Reached XP level 3. HP: 23/33 MP: 2/2
   764 | D:2      | Found a stormy altar of Qazlal.
   960 | D:2      | Reached XP level 4. HP: 41/41 MP: 3/3
  1024 | D:2      | Found a faded altar of an unknown god.
  1177 | D:3      | Found a blossoming altar of Fedhas.
  1177 | D:3      | Noticed Teleutos's ghost (amateur HuFi)
  1185 | D:3      | Killed Teleutos's ghost
  1185 | D:3      | Reached skill level 5 in Axes
  1185 | D:3      | Reached skill level 4 in Armour
  1185 | D:3      | Reached XP level 5. HP: 19/47 MP: 4/4
  1208 | D:3      | Noticed an oklob plant
  1279 | D:3      | Reached skill level 5 in Armour
  1412 | D:3      | Found an ancient bone altar of Kikubaaqudgha.
  1462 | D:3      | Reached XP level 6. HP: 42/55 MP: 5/5
  1671 | D:3      | Noticed Grinder
  1721 | D:3      | Killed Grinder
  1721 | D:3      | Reached skill level 5 in Fighting
  1721 | D:3      | Reached skill level 6 in Armour
  1721 | D:3      | Reached XP level 7. HP: 32/61 MP: 6/6
  1876 | D:3      | Found a shadowy altar of Dithmenos.
  1960 | D:3      | Noticed Jessica
  1963 | D:3      | Killed Jessica
  2134 | D:3      | Reached skill level 7 in Armour
  2281 | D:4      | Noticed Nidhoragg's ghost (amateur GrMo)
  2310 | D:4      | HP: 3/61 [Nidhoragg's ghost (2)]
  2311 | D:4      | Slain by Nidhoragg's ghost

Skill      XL: |  1  2  3  4  5  6  7 |
---------------+----------------------+-----
Axes           | 4 5 6 |  6.4
Fighting       | 4 5 |  5.0
Armour         | 3 4 5 6 7 |  7.3
Dodging        | |  2.2

Action                   |  1- 3 |  4- 6 |  7- 9 || total
-------------------------+-------+-------+-------++-------
Melee: Hand axe          |    56 |    71 |    33 ||   160
       Headbutt          |    11 |    12 |    10 ||    33
       War axe           |       |       |    22 ||    22
Invok: Trog's Hand       |     1 |     6 |     3 ||    10
       Berserk           |       |     1 |       ||     1
  Use: Scroll            |     1 |     9 |     1 ||    11
       Potion            |       |       |     1 ||     1
  Eat: Chunk             |       |     5 |     3 ||     8
Armor: Ring mail         |    23 |    12 |    12 ||    47
       Animal skin       |     2 |       |       ||     2
Dodge: Dodged            |    35 |    22 |    18 ||    75
Block: Buckler           |       |     5 |     5 ||    10
